 Dungeon Crawl Stone Soup version 0.29.0-13-gc9e81de378 (webtiles) character file.

Game seed: 8197210636601437876

92 Artool the Ducker (level 4, -1/34 HPs)
             Began as a Demonspawn Gladiator on Sept 8, 2022.
             Slain by an orc wizard
             ... wielding a +0 club
              (4 damage)
             ... on level 5 of the Dungeon.
             The game lasted 00:03:13 (2919 turns).

Artool the Ducker (Demonspawn Gladiator)            Turns: 2919, Time: 00:03:13

Health: -1/34      AC: 10    Str: 17    XL:     4   Next: 35%
Magic:  4/4        EV: 12    Int:  9    God:
Gold:   213        SH:  0    Dex: 14    Spells: 3/3 levels left

rFire   . . .      SeeInvis .   r - +0 whip
rCold   . . .      Faith    .   (no shield)
rNeg    . . .      Spirit   .   t - +0 ring mail
rPois   .          Reflect  .   c - +0 helmet
rElec   .          Harm     .   (no cloak)
rCorr   .          Rampage  .   (no gloves)
Will    .....                   m - +0 pair of boots
Stlth   +.........              (no amulet)
HPRegen 0.11/turn               (no ring)
MPRegen 0.09/turn               (no ring)

@: no status effects
A: icy blue scales 2, condensation shield
a: no special abilities


You were on level 5 of the Dungeon.
You visited 1 branch of the dungeon, and saw 5 of its levels.

You collected 213 gold pieces.

Inventory:

Hand Weapons
 a - a +0 flail
 r - a +0 whip (weapon)
Missiles
 d - 3 throwing nets (quivered)
 e - 6 javelins
Armour
 b - a +0 leather armour
 c - a +0 helmet (worn)
 m - a +0 pair of boots (worn)
 t - a +0 ring mail (worn)
Jewellery
 f - an amulet of guardian spirit
Wands
 x - a wand of flame (25)
Scrolls
 h - a scroll of teleportation {unknown}
 j - 4 scrolls of identify {unknown}
 n - a scroll of butterflies {unknown}
 s - a scroll of noise {unknown}
 u - a scroll of amnesia {unknown}
 v - a scroll of enchant armour {unknown}
 w - a scroll of poison {unknown}
Potions
 g - 2 potions of curing {unknown}
 i - a potion of brilliance {unknown}
 k - 2 potions of flight {unknown}
 l - a potion of degeneration {unknown}
 o - a potion of lignification {unknown}
 p - a potion of invisibility {unknown}
 q - a potion of resistance {unknown}


   Skills:
 + Level 2.9 Fighting
 + Level 3.3 Maces & Flails
 - Level 1.7 Throwing
 + Level 1.5 Armour
 + Level 3.3 Dodging


You had 3 spell levels left.
You didn't know any spells.
Your spell library contained the following spells:

 Spells                   Type           Power      Damage    Failure   Level
 Scorch                   Fire           0%         2d5       73%         2
 Sublimation of Blood     Necr           0%         N/A       73%         2
 Wereblood                Tmut           0%         N/A       73%         2
 Flame Wave               Conj/Fire      0%         2d4       100%        4
 Summon Cactus Giant      Summ           0%         N/A       100%        6
 Summon Hydra             Summ           0%         N/A       100%        7


Dungeon Overview and Level Annotations

Branches:
Dungeon (5/15)
 Temple: D:4-7

Altars:

Shops:
D:3 :

Annotations:
D:3 3 runed translucent doors, kalagan's ghost, weakling DECj


Innate Abilities, Weirdness & Mutations

You are mostly covered in icy blue scales. (AC +3)
A meltable shield of frost defends you. (SH +0)


Message History

You hit something. The orc completely misses you.
Something hits you but does no damage.
You miss something. Something hits you but does no damage.
The orc barely misses you.
You barely miss something. Something hits you but does no damage.
The orc hits you but does no damage.
You closely miss something.
A howler monkey comes into view.
Something hits you but does no damage. The orc hits you with a +0 whip.
* * * LOW HITPOINT WARNING * * *
You hear some strange, mumbled words.
Something tries to affect you, but you resist.
The orc attacks as you move away! The orc hits you but does no damage.
Something hits you but does no damage.
There is a stone staircase leading down here.
Something barely misses you. The orc closely misses you.
You climb downwards.
Reactivating autopickup.
Found four items.
There is a stone staircase leading up here.
You hit the orc.
The orc is severely wounded.
Something hits you but does no damage.
Deactivating autopickup; reactivate with Ctrl-A.
The orc barely misses you.
You hit the orc but do no damage.
The orc is severely wounded.
You barely miss the orc.
The orc is severely wounded.
The orc hits you but does no damage. Something hits you but does no damage.
You hit the orc but do no damage.
The orc is severely wounded.
The orc hits you with a +0 whip.
* * * LOW HITPOINT WARNING * * *
You hear some strange, mumbled words.
Something tries to affect you, but you resist.
You barely miss the orc.
The orc is severely wounded.
The orc barely misses you. Something hits you.
You die...

...../. .......
....... .
....... ..
.......#####...
#.............
##....{........
#.....o@...(...
#....##.$......
... #........ .
#........
#....o.?.
#........
##.......
.......


You could see 2 orcs.

Vanquished Creatures
  4 adders
  2 worms (D:2)
  A dart slug (D:3)
  4 orcs
  2 endoplasms
  A giant cockroach (D:2)
  4 goblins
  5 hobgoblins
  3 kobolds
  4 quokkas
  5 ball pythons
  7 bats
  A rat (D:1)
43 creatures vanquished.

Notes
Turn   | Place    | Note
-------+----------+-------------------------------------------
     0 | D:1      | Artool the Demonspawn Gladiator began the quest for the
                  | Orb.
     0 | D:1      | Reached XP level 1. HP: 16/16 MP: 1/1
   378 | D:1      | Gained mutation: You are partially covered in icy blue
                  | scales. (AC +2) [demonic ancestry]
   378 | D:1      | Reached XP level 2. HP: 16/22 MP: 2/2
  1112 | D:2      | Reached skill level 1 in Armour
  1260 | D:2      | Gained mutation: A meltable shield of frost defends you.
                  | (SH +0) [demonic ancestry]
  1260 | D:2      | Reached XP level 3. HP: 25/28 MP: 3/3
  1532 | D:3      | Found Duohuwel's Vocational Training.
  1910 | D:3      | Gained mutation: You are mostly covered in icy blue scales.
                  | (AC +3) [demonic ancestry]
  1910 | D:3      | Reached XP level 4. HP: 24/34 MP: 4/4
  2328 | D:3      | Found a runed translucent gate.
  2329 | D:3      | Found a runed translucent gate.
  2329 | D:3      | Identified the +1 scale mail "Isyu" {+Blink rF- rCorr
                  | Dex+3}
  2329 | D:3      | Noticed kalagan's ghost (weakling DECj)
  2330 | D:3      | Found a runed translucent gate.
  2914 | D:5      | Entered Level 5 of the Dungeon
  2919 | D:5      | Slain by an orc wizard

Illustrated notes

Levels and vault maps discovered:
D:1:      matt_arrival_spirals, layout_rooms, fountainhead, minmay_tripent
D:2:      layout_basic
D:3:      layout_basic, biasface_ghost_orc_armoury, minmay_misc_feat_tiny,
          minmay_misc_feat_pillars, nicolae_shop_vocational
D:4:      minmay_skewed_foursquare, layout_basic
D:5:      layout_layer_cave, grunt_dithmenos_smoke, minmay_diced_spiral,
          uniq_sigmund, uniq_pikel

Skill      XL: |  1  2 |
---------------+-------+-----
Maces & Flails | 3 |  3.3
Armour         | 1 |  1.5
Dodging        | 3 |  3.3
Fighting       | |  2.9
Throwing       | |  1.7

Action                   |  1- 3 |  4- 6 || total
-------------------------+-------+-------++-------
Melee: Flail             |    81 |       ||    81
       Whip              |    76 |    81 ||   157
       Punch             |     1 |     1 ||     2
 Stab: Sleeping          |     1 |       ||     1
Armor: Leather armour    |    45 |     6 ||    51
       Ring mail         |       |    46 ||    46
Dodge: Dodged            |   111 |    43 ||   154
Block: Other             |    15 |    10 ||    25
